 Dungeon Crawl Stone Soup version 0.26.1-11-gd32895ea62 (webtiles) character file.

Game seed: 17196056183368429927

57 GenialerGandalf the Shield-Bearer (level 4, -7/40 HPs)
             Began as a Hill Orc Fighter on Apr 21, 2021.
             Mangled by a gnoll
             ... wielding a +5 flail
              (8 damage)
             ... on level 2 of the Dungeon.
             The game lasted 00:02:34 (1304 turns).

GenialerGandalf the Shield-Bearer (HOFi)            Turns: 1304, Time: 00:02:35

Health: -7/40      AC:  7    Str: 19    XL:     4   Next: 0%
Magic:  4/4        EV:  7    Int:  8    God:
Gold:   73         SH:  9    Dex: 10    Spells: 3/3 levels left

rFire    . . .     SeeInvis .   a - +0 war axe
rCold    . . .     Faith    .   c - +0 kite shield
rNeg     . . .     Spirit   .   b - +0 scale mail
rPois    .         Reflect  .   (no helmet)
rElec    .         Harm     .   (no cloak)
rCorr    .         Rampage  .   (no gloves)
Will     .....                  (no boots)
Stlth    ..........             (no amulet)
HPRegen  0.13/turn              (no ring)
MPRegen  0.09/turn              (no ring)

@: no status effects
A: no striking features
a: no special abilities


You were on level 2 of the Dungeon.
You visited 1 branch of the dungeon, and saw 3 of its levels.

You collected 73 gold pieces.

Inventory:

Hand Weapons
 a - a +0 war axe (weapon)
Armour
 b - a +0 scale mail (worn)
 c - a +0 kite shield (worn)
Scrolls
 e - 2 scrolls of identify
 f - a scroll of amnesia
 g - a scroll of blinking
 k - a scroll of remove curse {unknown}
 m - a scroll of teleportation {unknown}
Potions
 d - a potion of might
 h - a potion of brilliance {unknown}
 i - a potion of heal wounds {unknown}
 j - a potion of curing {unknown}
 l - 2 potions of attraction {unknown}


   Skills:
 + Level 3.8 Fighting
 + Level 3.6 Axes
 + Level 3.7 Armour
 + Level 0.1 Dodging
 + Level 4.2 Shields


You had 3 spell levels left.
You didn't know any spells.
Your spell library was empty.

Dungeon Overview and Level Annotations

Branches:
Dungeon (3/15)

Altars:


Message History

You barely miss the gnoll.
The gnoll hits you from afar with a +0 spear.
The gnoll hits you with a +5 flail!
You hit the gnoll but do no damage.
The gnoll hits you from afar with a +0 spear.
The gnoll hits you but does no damage.
A gnoll comes into view. It is wielding a +0 club.
You block the gnoll's attack.
The gnoll shouts!
You hit the gnoll.
The gnoll is lightly wounded.
The gnoll hits you with a +5 flail. You block the gnoll's attack.
The gnoll hits you with a +5 flail!
* * * LOW HITPOINT WARNING * * *
You closely miss the gnoll.
The gnoll is lightly wounded.
The gnoll hits you from afar with a +0 spear.
* * * LOW HITPOINT WARNING * * *
The gnoll hits you with a +5 flail!
You die...

...... #.#.# ..... ### #.#.#
..# ..... #.# #.#.## #g#
.....# #g# #.#.## #g# #.###
#@# # #.# # #.# ##### #.#
#...############.############
...............#............#
#...###...####.############.#
#.......#.####.####### #.#
#.#####..............# #.#


You could see 3 gnolls.

Vanquished Creatures
  2 adders (D:2)
  A dart slug (D:2)
  A leopard gecko (D:1)
  A giant cockroach (D:1)
  4 goblins (D:1)
  3 hobgoblins
  5 kobolds
  2 quokkas (D:2)
  7 bats
  2 frilled lizards
  6 rats
34 creatures vanquished.

Notes
Turn   | Place    | Note
-------+----------+-------------------------------------------
     0 | D:1      | GenialerGandalf the Hill Orc Fighter began the quest for
                  | the Orb.
     0 | D:1      | Reached XP level 1. HP: 19/19 MP: 1/1
   292 | D:1      | Reached XP level 2. HP: 27/27 MP: 2/2
   600 | D:1      | Reached XP level 3. HP: 33/33 MP: 3/3
   993 | D:2      | Reached skill level 4 in Shields
  1141 | D:2      | Reached XP level 4. HP: 40/40 MP: 4/4
  1303 | D:2      | HP: 2/40 [gnoll/+5 flail (13)]
  1304 | D:2      | Mangled by a gnoll

Illustrated notes

Levels and vault maps discovered:
D:1:      onia_arrival_mini_maze, layout_basic
D:2:      layout_loops_ring, amcnicky_mini_rare_corridor_liquid, st_stairs_10
D:3:      layout_basic, minmay_circle_x, uniq_crazy_yiuf_cottage, uniq_natasha

Skill      XL: |  1  2  3 |
---------------+----------+-----
Axes           | 3 |  3.6
Shields        | 4 |  4.2
Fighting       | |  3.8
Armour         | |  3.7
Dodging        | |  0.1

Action                   |  1- 3 |  4- 6 || total
-------------------------+-------+-------++-------
Melee: War axe           |    85 |     4 ||    89
  Use: Scroll            |     2 |       ||     2
Armor: Scale mail        |    77 |     1 ||    78
Dodge: Dodged            |    41 |       ||    41
Block: Kite shield       |    79 |     3 ||    82
